 Dungeon Crawl Stone Soup version 0.30-b1-2-g02819fbbbe (webtiles) character file.

Game seed: 7405620558389673831

3458 Shirokaze the Cleaver (level 9, 0/80 HPs)
             Began as an Armataur Fighter on May 29, 2023.
             Was an Initiate of Ashenzari.
             Killed from afar by an electric eel (6 damage)
             ... with a bolt of electricity
             ... on level 7 of the Dungeon.
             The game lasted 00:29:34 (5957 turns).

Shirokaze the Cleaver (Armataur Fighter)            Turns: 5957, Time: 00:29:35

Health: 0/80       AC: 17    Str: 30    XL:     9   Next: 78%
Magic:  9/9        EV: 11    Int:  7    God:    Ashenzari [......]
Gold:   247        SH:  5    Dex:  9    Spells: 8/8 levels left

rFire   . . .        s - +4 war axe
rCold   x . .        c - +0 buckler
rNeg    . . .        p - +0 plate armour
rPois   +            f - +0 helmet
rElec   .            l - +0 cloak
rCorr   .            b - +2 pair of gloves
SInv    .            (no barding)
Will    +....        (no amulet) Stlth
                     m - +4 ring of slaying
HPRegen 0.33/turn    j - +5 ring of evasion
MPRegen 0.11/turn

%: clarity, roll
@: no status effects
A: large, rugged brown scales 3, deformed body, armoured tail, roll, long
tongue, awkward tongue, fangs 1, clarity, strong-willed 1, poison resistance,
strong 1, cold vulnerability 1
a: Renounce Religion


You were on level 7 of the Dungeon.
You worshipped Ashenzari.
Ashenzari was noncommittal.
You visited 2 branches of the dungeon, and saw 8 of its levels.

You collected 447 gold pieces.
You spent 200 gold pieces at shops.

Inventory:

Hand Weapons
 s - a +4 war axe (weapon)
Armour
 b - a +2 pair of gloves (worn)
 c - a +0 buckler (worn)
 f - a +0 helmet (worn)
 l - a +0 cloak (worn)
 p - a +0 plate armour (worn)
Jewellery
 e - a ring of protection from fire
 j - a +5 ring of evasion (right hand)
 m - a +4 ring of slaying (left hand)
 o - a ring of flight
Wands
 u - a wand of flame (9)
Scrolls
 i - 4 scrolls of teleportation
 q - a scroll of magic mapping
 r - a scroll of fear
 w - a scroll of amnesia {unknown}
Potions
 a - a potion of heal wounds {unknown}
 d - 2 potions of might
 g - 3 potions of lignification
 h - a potion of flight {unknown}
 k - 5 potions of curing
 n - a potion of mutation
 t - a potion of brilliance {unknown}
 v - a potion of ambrosia {unknown}
 x - a potion of attraction {unknown}


   Skills:
 + Level 6.1 Fighting
 + Level 8.7 Axes
 + Level 8.0 Armour
 + Level 1.2 Dodging
 + Level 0.6 Stealth
 + Level 5.4 Shields


You had 8 spell levels left.
You didn't know any spells.
Your spell library contained the following spells:

 Spells                   Type           Power      Damage    Failure   Level
 Vhi's Electric Charge    Tloc/Air       0%         N/A       100%        3
 Arcjolt                  Conj/Air       0%         1d10      100%        5
 Maxwell's Capacitive Co  Air            0%         ∞         100%        8


Dungeon Overview and Level Annotations

Branches:
Dungeon (7/15)             Temple (1/1) D:7

Altars:
Ashenzari
Cheibriados
Dithmenos
Elyvilon
Hepliaklqana
Kikubaaqudgha
Makhleb
Nemelex Xobeh
Okawaru
Qazlal
Ru
Sif Muna
Trog
Uskayaw
Vehumet
Wu Jian
Yredelemnul
Zin

Shops:
D:5 *   D:6 [


Innate Abilities, Weirdness & Mutations

You are completely covered in rugged brown scales. (AC +3, +7% HP)
Armour fits poorly on your strangely shaped body.
You have a long armoured tail.
You roll when moving toward enemies. (Rampage)
Your long tongue fully drains potion bottles. (2x potion effects)
Your tongue gives you trouble enunciating. (1.5x scroll delay)
You have very sharp teeth.
You possess an exceptional clarity of mind.
You are strong-willed. (Will+)
Your system is resistant to poisons. (rPois)
Your muscles are strong. (Str +4, Int/Dex -1)
You are vulnerable to cold. (rC-)


Message History

The wight hits you but does no damage.
You hit the wight.
You destroy the wight!
You barely miss the wight.
Your tail-slap misses the wight.
The wight hits you with a +0 scimitar.
You barely miss the wight. The wight hits you but does no damage.
You slash the wight!
The wight is severely damaged.
The wight barely misses you.
You barely miss the wight.
The wight is severely damaged.
You block the wight's attack.
You hit the wight. Your bite misses the wight.
The wight is severely damaged.
The wight hits you with a +0 scimitar.
You feel drained.
You slash the wight!
You destroy the wight!
Your life force feels restored.
Your Fighting skill increases to level 6!
You slash the wight! You tail-slap the wight.
You destroy the wight!
Your Armour skill increases to level 8!
There are many items here.
Okay, then.
The electric eel shoots out a bolt of lightning at you!
The bolt of electricity misses you. The bolt of electricity hits you!
The electric eel shoots out a bolt of lightning at you!
The bolt of electricity hits you! x2
The electric eel shoots out a bolt of lightning at you!
The bolt of electricity hits you!
* * * LOW HITPOINT WARNING * * *
The bolt of electricity hits you.
* * * LOW HITPOINT WARNING * * *
The electric eel shoots out a bolt of lightning at you!
The bolt of electricity hits you but does no damage.
The bolt of electricity hits you!
* * * LOW HITPOINT WARNING * * *
The electric eel shoots out a bolt of lightning at you!
The bolt of electricity hits you.
You die...

~≈≈≈≈≈≈≈≈
♣...).##......##.....
~~~≈≈
♣#.##.##)###.###.....
~P~≈≈ #)##.##....##
###### ~~~≈≈
#..)....##.# ♣~~~~
####.#.~~#.# ~P~~
##...~~.).# ~~~
#...#~~~~.#
##...S♣~~.#
#@##~~~..# #)##.~~.~#
#.##P~~~S~~
#...~~S♣~~~~~
###.#.~~≈♣~~~~~♣
##...#...~≈~♣~♣♣~~
#.~.##..P~~♣♣♣~ ~
#P♣~##....~♣ ≈S #~~~#
..~~


You could see an electric eel.

Vanquished Creatures
  Joseph (D:7)
  Grinder (D:5)
  A water moccasin (D:7)
  2 orc warriors (D:7)
  2 ice beasts
  3 black bears
  3 sky beasts
  A centaur (D:6)
  An ogre (D:6)
  A kobold brigand (D:6)
  A bullfrog (D:6)
  A gnoll sergeant (D:7)
  A scorpion (D:5)
  11 wights (D:7)
  A vampire bat (D:5)
  An electric eel (D:7)
  3 hounds
  7 orc priests
  Crazy Yiuf (D:2)
  A sleepcap (D:6)
  Jessica (D:2)
  An iguana (D:7)
  3 orc wizards
  7 adders
  10 gnolls
  A shadow imp (D:6)
  A white imp (D:6)
  An ufetubus (D:5)
  2 dart slugs
  3 fire bats (D:5)
  20 orcs
  2 spectral bats (D:5)
  3 bat skeletons (D:5)
  A bat zombie (D:5)
  12 endoplasms
  7 giant cockroaches
  10 goblins
  9 hobgoblins
  2 jackals (D:3)
  6 quokkas
  9 ball pythons
  15 bats
  A bat simulacrum (D:5)
  3 frilled lizards
  13 kobolds
  6 rats
193 creatures vanquished.

Vanquished Creatures (others)
  87 plants (D:7)
87 creatures vanquished.

Grand Total: 280 creatures vanquished

Notes
Turn   | Place    | Note
-------+----------+-------------------------------------------
     0 | D:1      | Shirokaze the Armataur Fighter began the quest for the Orb.
     0 | D:1      | Reached XP level 1. HP: 19/19 MP: 1/1
    92 | D:1      | Reached XP level 2. HP: 26/26 MP: 2/2
   308 | D:1      | Reached XP level 3. HP: 25/33 MP: 3/3
   570 | D:2      | Identified the +0 scale mail "Deownelo" {rPois rN+ Int-5
                  | Stlth+}
   698 | D:2      | Found a runed translucent door.
   932 | D:2      | Noticed Jessica
   941 | D:2      | Killed Jessica
   942 | D:2      | Reached XP level 4. HP: 34/40 MP: 4/4
  1601 | D:2      | Noticed Crazy Yiuf
  1607 | D:2      | Killed Crazy Yiuf
  1732 | D:3      | Reached XP level 5. HP: 48/48 MP: 5/5
  1878 | D:3      | Found a faded altar of an unknown god.
  2198 | D:3      | Gained mutation: Your system is resistant to poisons.
                  | (rPois) [potion of mutation]
  2198 | D:3      | Gained mutation: You possess an exceptional clarity of
                  | mind. [potion of mutation]
  2198 | D:3      | Gained mutation: You are vulnerable to cold. (rC-) [potion
                  | of mutation]
  2198 | D:3      | Gained mutation: You have very sharp teeth. [potion of
                  | mutation]
  2198 | D:3      | Gained mutation: You are strong-willed. (Will+) [potion of
                  | mutation]
  2198 | D:3      | Gained mutation: Your muscles are strong. (Str +4, Int/Dex
                  | -1) [potion of mutation]
  2300 | D:4      | Noticed a black bear
  2317 | D:4      | Killed a black bear
  2318 | D:4      | Reached XP level 6. HP: 50/54 MP: 6/6
  2411 | D:4      | Found a bloodstained altar of Trog.
  2672 | D:4      | Reached skill level 5 in Armour
  2768 | D:4      | Reached XP level 7. HP: 61/62 MP: 7/7
  2933 | D:5      | Entered Level 5 of the Dungeon
  3237 | D:5      | Found Tuze's Assorted Antiques.
  3257 | D:5      | Bought a scroll of identify for 50 gold pieces
  3257 | D:5      | Bought a twisted gilded ring for 125 gold pieces
  3257 | D:5      | Bought a scroll labelled LAIBAS ZOVEM for 25 gold pieces
  3361 | D:5      | Reached skill level 5 in Axes
  3684 | D:5      | Noticed Grinder
  3691 | D:5      | Killed Grinder
  3706 | D:5      | Found an iron altar of Okawaru.
  3878 | D:5      | Reached skill level 1 in Dodging
  3927 | D:5      | Reached XP level 8. HP: 70/70 MP: 8/8
  4325 | D:6      | Found Caulut's Antique Armour Shoppe.
  4456 | D:6      | Found a sacrificial altar of Ru.
  4769 | D:6      | Reached skill level 5 in Shields
  4838 | D:7      | Found a shimmering blue altar of Sif Muna.
  4838 | D:7      | Found a radiant altar of Vehumet.
  4840 | D:7      | Found a hide-covered altar of Uskayaw.
  4877 | D:7      | Reached skill level 5 in Fighting
  4881 | D:7      | Found a staircase to the Ecumenical Temple.
  4896 | Temple   | Entered the Ecumenical Temple
  5027 | Temple   | Became a worshipper of Ashenzari the Shackled
  5116 | D:7      | Reached XP level 9. HP: 53/79 MP: 9/9
  5604 | D:7      | Identified the +5 falchion of Qefimn {flame, Will+}
  5848 | D:7      | Noticed Joseph
  5878 | D:7      | Killed Joseph
  5957 | D:7      | Killed from afar by an electric eel

Illustrated notes

Levels and vault maps discovered:
D:1:      dpeg_arrival_arbitrary_b, layout_rooms
D:2:      layout_basic, minmay_fractal_squares_gapless_5, uniq_jessica,
          uniq_crazy_yiuf_cottage
D:3:      layout_rooms, hellmonk_ecumenical_altar_inner_sanctum, st_stairs_2,
          nrook_mini_backslash
D:4:      layout_loops_cross, mainiacjoe_overflow_six_doors_small,
          minmay_misc_feat_pillars
D:5:      layout_layer_cave, lemuel_round_altar, serial_shops, shop,
          goddamned_bats, uniq_grinder
D:6:      layout_basic, marbit_many_paths, serial_shops, kennysheep_mini_moat
D:7:      layout_loops_cross, nicolae_overflow_hidden_temple,
          minmay_temple_entry_statues_fountains, serial_bayou,
          serial_bayou_lake_a, serial_bayou_lagoon_a, serial_bayou_pond_e,
          serial_bayou_pond_c, uniq_joseph
Temple:   nicolae_temple_slightly_damp_pantheon

Skill      XL: |  1  2  3  4  5  6  7  8  9 |
---------------+----------------------------+-----
Fighting       | 3 4 5 6 |  6.1
Axes           | 2 3 4 5 7 8 |  8.7
Armour         | 4 5 6 8 |  8.0
Shields        | 4 5 |  5.4
Dodging        | 1 |  1.2
Stealth        | |  0.6

Action                     |  1- 3 |  4- 6 |  7- 9 || total
---------------------------+-------+-------+-------++-------
  Melee: War axe           |    95 |   102 |   202 ||   399
         Tailslap          |     7 |    12 |    27 ||    46
         Bite              |       |     6 |    17 ||    23
    Use: Scroll            |     2 |     8 |     5 ||    15
         Potion            |       |     1 |     1 ||     2
 Armour: Scale mail        |    56 |    19 |       ||    75
         Plate armour      |       |    43 |   118 ||   161
  Dodge: Dodged            |    33 |    69 |   113 ||   215
  Block: Buckler           |    21 |    21 |    56 ||    98
